Map: [ESL] Stargazers

Players

Control

  • Race: Terran Terran
  • Spawn Location: 1:00

trigger - Winner!

  • Race: Protoss Protoss
  • Spawn Location: 11:00

Event: DreamHack SC2 Masters 2022 Valencia

VOD

Have the link to the VOD?

Description

Time

  • Played on: July 1, 2022, 3:26 p.m.
  • Length: 5:39

All games in this series

Show
View Real Time Build Order
Export as new Build Order

Control Terran 

Build Orders: Reaper Expand 

Get SALT Encoding   

  12  0:00  SCV  
  13  0:12  SCV  
  14  0:17  Supply Depot  
  14  0:24  SCV  
  15  0:38  SCV  
  15  0:40  Barracks  
  16  0:45  Refinery  
  16  0:50  SCV  
  17  1:02  SCV  
  18  1:15  SCV  
  19  1:27  Orbital Command  
  19  1:28  Reaper  
  20  1:42  Command Center  
  20  1:53  SCV  
  21  1:58  Bunker  
  21  2:00  Marine  
  22  2:08  Supply Depot  
  22  2:16  Factory  
  22  2:17  Refinery  
  22  2:24  Marine  
  22  2:29  SCV  
  24  2:41  SCV  
  25  2:45  Barracks Reactor  
  25  2:54  Orbital Command, SCV  
  26  3:06  SCV, Widow Mine  
  26  3:07  Starport  
  29  3:18  SCV  
  30  3:21  SCV, Marine x2  
  33  3:28  Widow Mine  
  33  3:30  SCV  
  33  3:33  SCV  
  35  3:39  Marine  
  35  3:40  Marine  
  33  3:42  SCV  
  33  3:47  SCV  
  29  3:49  Widow Mine  
  29  3:54  SCV  
  28  3:57  Starport Reactor  
  28  3:59  Medivac  
  28  4:00  SCV  
  28  4:02  Marine  
  30  4:05  Marine  
  30  4:06  SCV  
  33  4:11  Widow Mine  
  33  4:12  SCV  
  35  4:18  SCV  
  35  4:24  SCV  
  36  4:30  SCV  
  35  4:32  Marine  
  35  4:36  SCV, Starport Tech Lab  
  36  4:43  SCV  
  37  4:48  SCV  
  37  4:50  Factory Tech Lab  
  38  4:55  SCV  
  38  4:59  Marine x2  
  41  5:00  SCV  
  41  5:05  Supply Depot  
  43  5:07  SCV  
  43  5:12  SCV  
  44  5:19  SCV  
  45  5:23  Supply Depot  
  45  5:24  SCV  
Show
View Real Time Build Order
Export as new Build Order

trigger Protoss - Winner!

Build Orders: Oracle Opening 

Get SALT Encoding   

  12  0:00  Probe  
  13  0:12  Probe  
  14  0:16  Pylon  
  14  0:24  Probe (Chrono Boost)  
  16  0:35  Gateway  
  16  0:36  Probe (Chrono Boost)  
  16  0:42  Probe (Chrono Boost)  
  16  0:45  Assimilator  
  17  0:51  Probe  
  17  0:53  Assimilator  
  18  1:03  Probe (Chrono Boost)  
  20  1:12  Probe (Chrono Boost)  
  20  1:16  Pylon  
  20  1:17  Probe (Chrono Boost)  
  20  1:22  Cybernetics Core  
  21  1:29  Probe  
  22  1:41  Probe  
  24  1:59  Stargate  
  24  2:01  Adept (Chrono Boost)  
  25  2:09  Nexus  
  25  2:14  Warp Gate  
  25  2:17  Probe  
  26  2:23  Pylon  
  26  2:28  Adept (Chrono Boost)  
  26  2:35  Probe  
  29  2:42  Oracle  
  32  2:51  Probe  
  33  3:03  Probe  
  33  3:04  Adept  
  35  3:16  Oracle (Chrono Boost), Probe  
  39  3:20  Probe  
  40  3:28  Probe  
  40  3:32  Probe  
  42  3:40  Probe  
  43  3:44  Probe  
  43  3:46  Oracle  
  47  3:52  Probe  
  48  3:56  Probe  
  48  4:01  Twilight Council  
  49  4:04  Probe, Gateway  
  49  4:09  Probe  
  51  4:11  Pylon  
  51  4:16  Probe  
  52  4:21  Probe  
  51  4:28  Probe  
  50  4:33  Probe  
  50  4:36  Stalker  
  50  4:39  Assimilator  
  50  4:40  Probe  
  50  4:45  Probe  
  52  4:47  Gateway  
  52  4:52  Probe  
  53  4:55  Pylon  
  53  4:57  Probe  
  54  5:02  Stalker x2  
  54  5:04  Probe  
  59  5:09  Probe  
  60  5:17  Probe  
  61  5:21  Probe  
  61  5:22  Assimilator  
  61  5:23  Shield Battery  
  61  5:26  Stalker x2  
  68  5:37  Nexus  

Tags
 
Add a new tag
Caveats
  • Supply blocks, unpowered buildings, or Contaminate may cause inaccurate times.
  • Supply counts are checked every 10 seconds.